 Dungeon Crawl Stone Soup version 0.31.0-9-g3a7656b989 (webtiles) character file.

Game seed: 11942834141175035000

4 ProzacElf the Sneak (level 1, -1/17 (18) HPs)
             Began as a Formicid Delver on Jan 24, 2024.
             Was an Initiate of Fedhas.
             Slain by a kobold
             ... wielding a +0 dagger
              (2 damage)
             ... on level 4 of the Dungeon.
             The game lasted 00:02:09 (227 turns).

ProzacElf the Sneak (Formicid Delver)                Turns: 227, Time: 00:02:10

HP:   -1/17 (18)    AC:  3    Str: 16    XL:     1   Next: 66%
MP:   1/1           EV: 12    Int:  9    God:    Fedhas [......]
Gold: 0             SH:  0    Dex: 15    Spells: 0/0 levels left

rFire   . . .        a - +0 hand axe
rCold   . . .        (no shield)
rNeg    . . .        b - +0 leather armour
rPois   .            (helmet unavailable)
rElec   .            (no cloak)
rCorr   .            (no gloves)
SInv    +            (no boots)
Will    .....        (no amulet)
Stlth   +++          (no ring)
HPRegen 0.22/turn    (no ring)
MPRegen 0.07/turn

%: no passive effects
@: lethally poisoned (-1 -> -2), drained
A: permanent stasis, dig shafts and tunnels, antennae 3, four strong arms
a: Dig, Shaft Self, Renounce Religion


You were on level 4 of the Dungeon.
You worshipped Fedhas.
Fedhas was noncommittal.
You visited 2 branches of the dungeon, and saw 3 of its levels.

Inventory:

Hand Weapons
 a - a +0 hand axe (weapon)
Armour
 b - a +0 leather armour (worn)
Wands
 f - a wand of digging (3)
Scrolls
 c - a scroll of fog
 e - a scroll of fear
 g - a scroll of teleportation {unknown}


   Skills:
 - Level 3.2 Fighting
 + Level 2.2 Axes
 + Level 2.0 Dodging
 - Level 6.0 Stealth


You couldn't memorise any spells.
You didn't know any spells.
Your spell library was empty.

Dungeon Overview and Level Annotations

Branches:
Dungeon (5/15)             Temple (1/1) D:5

Altars:
Ashenzari
Cheibriados
Elyvilon
Fedhas
Gozag
Kikubaaqudgha
Makhleb
Nemelex Xobeh
Ru
Sif Muna
Trog
Wu Jian
Xom
Zin
The Shining One


Innate Abilities, Weirdness & Mutations

You cannot be hasted, slowed, berserked, paralysed or teleported.
You can dig through walls and to a lower floor.
You have a pair of large antennae on your head. (SInv)
Your four strong arms can wield two-handed weapons with a shield.


Message History

Tha adder hisses angrily.
Health restored: 17 Ye barely miss tha adder.
Tha adder bites ye.
Ye be poison'd.
Tha adder poisons ye!
Ye take 4 damage, an' haf 13/17 hp.
MASSIVE DAMAGE!!
Tha kobold shouts!
Ye hit tha adder but do nay damage.
Ye feel sick.
Tha adder bites ye but does nay damage. x2
Ye take 2 damage, an' haf 11/17 hp.
Ye miss tha adder.
Ye feel sick.
Tha adder bites ye but does nay damage.
Ye take 1 damage, an' haf 10/17 hp.
Ye closely miss tha adder.
Ye feel sick.
Ye be nay longer poison'd.
Tha adder completely misses ye.
Tha adder closely misses ye.
Ye hit tha adder but do nay damage.
Tha adder bites ye.
Ye be poison'd.
Tha adder poisons ye!
Ye take 1 damage, an' haf 9/17 hp.
Ye hit tha adder but do nay damage.
Yer punch misses tha adder.
Ye hit tha kobold.
Ye feel sick.
Tha adder barely misses ye.
Tha kobold closely misses ye.
Tha adder bites ye but does nay damage.
Ye take 2 damage, an' haf 7/17 hp.
Ye be too injured ta fight recklessly!
Ye be too injured ta fight recklessly!
Ye be too injured ta fight recklessly!
Ye hit tha adder.
Tha adder be moderately wounded.
Ye completely miss tha kobold.
Ye feel sick.
Tha adder bites ye but does nay damage.
Tha kobold barely misses ye.
Ye take 1 damage, an' haf 6/17 hp.
Ye closely miss tha adder.
Tha adder be moderately wounded.
Ye hit tha kobold.
Ye feel sick.
Tha adder bites ye.
* * * LOW HITPOINT WARNIN'
* * * Tha kobold hits ye wit' a +0 dagger.
* * * LOW HITPOINT WARNIN'
* * * Tha adder bites ye but does nay damage.
Tha kobold hits ye wit' a +0 dagger.
Ye die...
Fedhas appreciates yer contribution ta tha ecosystem.

*,,+,*,*,*,+,,**,,,,,*#######
*,,*,,*,*,,#.......,,*#######
*,,**,,,,,##......,,,,.......
*,,,*##+###......###########.
*,,,,...,........#...,.......
*****,,,,....##......#.##########
,,,,+,,,,...<........)...........
*****,,,,................#.######
*,,,,......S@......###.###### *
*****####..K...........###### **
#.)............###### ,******
#.........#.##.###### ,,,,,,**
#...........##.######
*****,,*****#.........####.######
*,,,,,,,,,*#...........,..#
*,,,,,,,,,*#.........##****
*,,,,,,,,,**,........# *


You could see an adder and a kobold.

Vanquished Creatures
  2 giant cockroaches (D:4)
  A quokka (D:4)
3 creatures vanquished.

Notes
Turn   | Place    | Note
-------+----------+-------------------------------------------
     0 | D:5      | ProzacElf the Formicid Delver began the quest for the Orb.
     0 | D:5      | Reached XP level 1. HP: 18/18 MP: 1/1
    16 | D:5      | Noticed a bombardier beetle
    82 | D:5      | Noticed an iguana
   117 | D:5      | Found a staircase to the Ecumenical Temple.
   160 | Temple   | Entered the Ecumenical Temple
   165 | Temple   | Became a worshipper of Fedhas Madash
   227 | D:4      | Slain by a kobold

Illustrated notes

Levels and vault maps discovered:
D:4:      layout_basic, enter_ossuary_5, minmay_box_of_dots
D:5:      layout_basic, minmay_temple_entry_drinking_statues,
          minmay_manual_mandibuliform
Temple:   minmay_freezing_vapour_temple

Skill      XL: |  1 |
---------------+----+-----
Dodging        | 2 |  2.0
Fighting       | |  3.2
Axes           | |  2.2
Stealth        | |  6.0

Action                     || total
---------------------------++-------
  Melee: Hand axe          ||    16
Ability: Dig               ||     1
    Use: Scroll            ||     1
   Stab: Sleeping          ||     1
 Armour: Leather armour    ||    14
  Dodge: Dodged            ||    10

Action                     || total
---------------------------++-------
  Melee: Hand axe          ||    16
Ability: Dig               ||     1
    Use: Scroll            ||     1
   Stab: Sleeping          ||     1
 Armour: Leather armour    ||    14
  Dodge: Dodged            ||    10

Levels and vault maps discovered:
D:4:      layout_basic, enter_ossuary_5, minmay_box_of_dots
D:5:      layout_basic, minmay_temple_entry_drinking_statues,
          minmay_manual_mandibuliform
Temple:   minmay_freezing_vapour_temple
